[ PARTIDA AOE2 · #480437428 ]
UnrankedMagiares vs Burgundians
Equipo del jugador · VICT
Equipo rival · DERR
[ ANÁLISIS DE REPETICIÓN · EXTRAÍDO DE LA PARTIDA GRABADA ]
Feudal
11:50
Castillos
22:22
Imperial
43:36
| APM promedio | 12.2 |
| APM pico | 62 |
| eAPM promedio | 8.4 |
| Aldeanos / militares | 64 / 111 |
Foco
⚔️ 47.0% · 🌾 53.0%
Cavalry Archer ×65 · Magyar Huszar ×38 · Fishing Ship ×11 · Monk ×3 · Battering Ram ×3 · Spearman ×2
Feudal
14:59
Castillos
22:53
Imperial
35:45
| APM promedio | 16.2 |
| APM pico | 49 |
| eAPM promedio | 12.1 |
| Aldeanos / militares | 112 / 173 |
Foco
⚔️ 44.4% · 🌾 55.6%
Coustillier ×100 · Scout Cavalry ×56 · Trebuchet (Packed) ×16 · Monk ×1 · Fishing Ship ×1
Mapa de la partida
Recursos iniciales + cada clic de construcción. Líneas = muros · curvas = relieve. ◆ oro · ⬟ piedra · ● bayas · ✦ reliquia · ◌ hueco del cierre
Tu base· Abierta — flanco sin cerrar
Base de 社恐· Abierta — flanco sin cerrar
Terreno inicial suavizado · ◌ = hueco del cierre detectado · pasá el cursor para detalles
Inputs por minuto
— MRAPZetor - - 社恐
Build order — MRAPZetor
Primeras 150 de 331 acciones detectadas
| 0:03 | Construir | House |
| 0:05 | Construir | House |
| 0:09 | Investigar | Loom |
| 0:09 | Crear | Villager (Male) |
| 0:09 | Crear | Villager (Male) |
| 0:09 | Crear | Villager (Male) |
| 0:10 | Crear | Villager (Male) |
| 0:10 | Crear | Villager (Male) |
| 1:56 | Crear | Villager (Male) |
| 1:59 | Investigar | Loom |
| 2:26 | Crear | Villager (Male) |
| 2:26 | Crear | Villager (Male) |
| 3:22 | Crear | Villager (Male) |
| 3:22 | Crear | Villager (Male) |
| 3:45 | Crear | Villager (Male) |
| 3:59 | Construir | House |
| 4:02 | Construir | House |
| 4:07 | Crear | Villager (Male) |
| 4:07 | Crear | Villager (Male) |
| 5:15 | Construir | Mill |
| 5:26 | Crear | Villager (Male) |
| 5:27 | Crear | Villager (Male) |
| 6:42 | Crear | Villager (Male) |
| 6:43 | Crear | Villager (Male) |
| 7:33 | Construir | Lumber Camp |
| 7:35 | Crear | Villager (Male) |
| 7:35 | Crear | Villager (Male) |
| 7:35 | Crear | Villager (Male) |
| 7:35 | Crear | Villager (Male) |
| 7:36 | Crear | Villager (Male) |
| 7:36 | Crear | Villager (Male) |
| 8:41 | Construir | Dock |
| 9:11 | Construir | House |
| 9:12 | Construir | House |
| 9:40 | Investigar | Feudal Age |
| 10:06 | Construir | Mining Camp |
| 10:12 | Construir | House |
| 10:12 | Construir | House |
| 10:13 | Construir | House |
| 10:14 | Construir | House |
| 10:37 | Crear | Villager (Male) |
| 10:37 | Crear | Villager (Male) |
| 10:37 | Crear | Villager (Male) |
| 10:38 | Crear | Villager (Male) |
| 11:04 | Crear | Villager (Male) |
| 11:12 | Crear | Fishing Ship |
| 11:13 | Crear | Fishing Ship |
| 11:13 | Crear | Fishing Ship |
| 11:41 | Crear | Villager (Male) |
| 11:41 | Crear | Villager (Male) |
| 11:50 | Edad | Edad Feudal |
| 12:06 | Investigar | Double-Bit Axe |
| 12:37 | Construir | Mining Camp |
| 12:52 | Investigar | Gold Mining |
| 13:09 | Construir | Farm |
| 13:41 | Crear | Villager (Male) |
| 13:41 | Crear | Villager (Male) |
| 13:42 | Crear | Villager (Male) |
| 14:17 | Crear | Villager (Male) |
| 14:17 | Crear | Villager (Male) |
| 14:36 | Construir | Dock |
| 14:57 | Construir | Blacksmith |
| 14:59 | Construir | Market |
| 15:16 | Construir | Farm |
| 15:17 | Construir | Farm |
| 15:18 | Construir | Farm |
| 15:20 | Construir | Farm |
| 15:21 | Construir | Farm |
| 15:46 | Construir | Farm |
| 15:50 | Construir | Farm |
| 15:54 | Construir | Farm |
| 16:10 | Construir | Farm |
| 16:36 | Crear | Fishing Ship |
| 16:36 | Crear | Fishing Ship |
| 16:54 | Construir | Farm |
| 17:02 | Construir | Farm |
| 17:04 | Investigar | Horse Collar |
| 17:11 | Construir | House |
| 17:12 | Construir | House |
| 17:28 | Crear | Villager (Male) |
| 17:28 | Crear | Villager (Male) |
| 17:28 | Crear | Villager (Male) |
| 17:32 | Crear | Villager (Male) |
| 17:51 | Construir | Dock |
| 18:23 | Construir | Barracks |
| 19:17 | Crear | Villager (Male) |
| 19:24 | Investigar | Castle Age |
| 19:56 | Investigar | Scale Barding Armor |
| 20:15 | Construir | Stable |
| 20:16 | Construir | Stable |
| 20:32 | Construir | Dock |
| 20:36 | Crear | Fishing Ship |
| 20:56 | Crear | Spearman |
| 20:56 | Crear | Spearman |
| 21:35 | Investigar | Padded Archer Armor |
| 21:36 | Investigar | Fletching |
| 21:46 | Construir | Archery Range |
| 21:47 | Construir | Archery Range |
| 22:00 | Construir | Archery Range |
| 22:22 | Edad | Edad de los Castillos |
| 22:24 | Crear | Fishing Ship |
| 23:29 | Construir | Town Center |
| 23:36 | Construir | Town Center |
| 23:56 | Crear | Villager (Male) |
| 23:57 | Crear | Villager (Male) |
| 23:57 | Crear | Villager (Male) |
| 23:57 | Crear | Villager (Male) |
| 23:57 | Crear | Villager (Male) |
| 23:58 | Crear | Villager (Male) |
| 23:58 | Crear | Villager (Male) |
| 23:58 | Crear | Villager (Male) |
| 23:58 | Crear | Villager (Male) |
| 23:59 | Crear | Villager (Male) |
| 24:13 | Construir | Mining Camp |
| 24:32 | Construir | Lumber Camp |
| 25:10 | Crear | Villager (Male) |
| 25:10 | Crear | Villager (Male) |
| 25:11 | Crear | Villager (Male) |
| 25:11 | Crear | Villager (Male) |
| 25:11 | Crear | Villager (Male) |
| 25:11 | Crear | Villager (Male) |
| 25:12 | Crear | Villager (Male) |
| 25:12 | Crear | Villager (Male) |
| 25:47 | Construir | Farm |
| 25:52 | Construir | Farm |
| 25:56 | Construir | Farm |
| 26:00 | Construir | Farm |
| 26:11 | Investigar | Heavy Plow |
| 26:27 | Investigar | Bloodlines |
| 26:27 | Investigar | Husbandry |
| 26:35 | Construir | Farm |
| 26:46 | Construir | Stone Wall |
| 26:59 | Construir | Castle |
| 27:10 | Investigar | Wheelbarrow |
| 27:28 | Construir | Farm |
| 27:39 | Investigar | Bow Saw |
| 28:12 | Construir | Monastery |
| 28:40 | Construir | Dock |
| 28:44 | Construir | Farm |
| 28:52 | Crear | Villager (Male) |
| 28:52 | Crear | Villager (Male) |
| 28:52 | Crear | Villager (Male) |
| 28:53 | Crear | Villager (Male) |
| 28:53 | Crear | Villager (Male) |
| 28:53 | Crear | Villager (Male) |
| 28:56 | Crear | Monk |
| 28:56 | Crear | Monk |
| 29:01 | Construir | University |
| 29:14 | Construir | Stone Wall |
| 29:29 | Investigar | Thumb Ring |
Build order — 社恐
Primeras 150 de 388 acciones detectadas
| 0:08 | Construir | House |
| 0:11 | Construir | House |
| 0:15 | Crear | Villager (Male) |
| 0:15 | Crear | Villager (Male) |
| 0:15 | Crear | Villager (Male) |
| 0:15 | Crear | Villager (Male) |
| 0:16 | Crear | Villager (Male) |
| 1:40 | Crear | Villager (Male) |
| 1:40 | Crear | Villager (Male) |
| 2:04 | Construir | Lumber Camp |
| 2:20 | Crear | Villager (Male) |
| 2:20 | Crear | Villager (Male) |
| 2:34 | Crear | Villager (Male) |
| 2:35 | Crear | Villager (Male) |
| 3:03 | Crear | Villager (Male) |
| 3:20 | Crear | Villager (Male) |
| 3:20 | Crear | Villager (Male) |
| 3:45 | Construir | Mill |
| 4:03 | Crear | Villager (Male) |
| 4:21 | Crear | Villager (Male) |
| 4:21 | Crear | Villager (Male) |
| 4:40 | Construir | House |
| 5:01 | Crear | Villager (Male) |
| 5:01 | Crear | Villager (Male) |
| 5:02 | Crear | Villager (Male) |
| 5:26 | Investigar | Double-Bit Axe |
| 5:50 | Crear | Villager (Male) |
| 5:50 | Crear | Villager (Male) |
| 6:12 | Crear | Villager (Male) |
| 6:12 | Crear | Villager (Male) |
| 6:26 | Investigar | Horse Collar |
| 6:41 | Construir | House |
| 6:56 | Crear | Villager (Male) |
| 6:56 | Crear | Villager (Male) |
| 6:56 | Crear | Villager (Male) |
| 7:20 | Construir | Farm |
| 7:24 | Crear | Villager (Male) |
| 7:24 | Crear | Villager (Male) |
| 7:24 | Crear | Villager (Male) |
| 7:25 | Crear | Villager (Male) |
| 7:46 | Construir | Farm |
| 8:02 | Construir | House |
| 8:09 | Crear | Villager (Male) |
| 8:09 | Crear | Villager (Male) |
| 8:25 | Construir | Farm |
| 8:49 | Construir | Farm |
| 9:02 | Construir | Farm |
| 9:12 | Crear | Villager (Male) |
| 9:13 | Crear | Villager (Male) |
| 9:13 | Crear | Villager (Male) |
| 9:20 | Construir | Farm |
| 9:27 | Construir | Farm |
| 9:33 | Construir | Farm |
| 9:40 | Construir | Farm |
| 9:46 | Crear | Villager (Male) |
| 9:46 | Crear | Villager (Male) |
| 9:47 | Crear | Villager (Male) |
| 9:58 | Crear | Villager (Male) |
| 10:26 | Construir | Lumber Camp |
| 10:39 | Construir | Farm |
| 10:45 | Construir | Mining Camp |
| 11:04 | Construir | Farm |
| 11:22 | Construir | Farm |
| 11:27 | Construir | Farm |
| 11:34 | Investigar | Wheelbarrow |
| 11:53 | Construir | Mill |
| 12:28 | Investigar | Feudal Age |
| 12:37 | Construir | Farm |
| 12:44 | Construir | Farm |
| 13:06 | Construir | House |
| 13:10 | Construir | House |
| 14:11 | Construir | Barracks |
| 14:59 | Edad | Edad Feudal |
| 15:01 | Investigar | Heavy Plow |
| 15:06 | Investigar | Bow Saw |
| 15:08 | Crear | Villager (Male) |
| 15:08 | Crear | Villager (Male) |
| 15:08 | Crear | Villager (Male) |
| 15:09 | Crear | Villager (Male) |
| 15:20 | Construir | House |
| 15:26 | Crear | Villager (Male) |
| 15:27 | Crear | Villager (Male) |
| 15:27 | Crear | Villager (Male) |
| 15:27 | Crear | Villager (Male) |
| 15:35 | Crear | Villager (Male) |
| 15:36 | Crear | Villager (Male) |
| 15:48 | Construir | Farm |
| 16:04 | Construir | Farm |
| 17:35 | Construir | Market |
| 17:44 | Construir | Blacksmith |
| 18:09 | Investigar | Hand Cart |
| 18:09 | Investigar | Hand Cart |
| 18:34 | Construir | Farm |
| 18:55 | Construir | Mining Camp |
| 19:00 | Investigar | Castle Age |
| 19:24 | Construir | Farm |
| 20:08 | Construir | House |
| 20:12 | Construir | House |
| 20:36 | Construir | House |
| 20:38 | Investigar | Stone Mining |
| 20:41 | Investigar | Gold Mining |
| 21:00 | Construir | Farm |
| 21:06 | Construir | Farm |
| 21:12 | Construir | Farm |
| 21:22 | Construir | Farm |
| 21:28 | Construir | Farm |
| 21:35 | Construir | House |
| 21:40 | Construir | House |
| 22:53 | Edad | Edad de los Castillos |
| 23:00 | Construir | Town Center |
| 23:09 | Construir | Farm |
| 23:32 | Crear | Villager (Male) |
| 23:32 | Crear | Villager (Male) |
| 23:33 | Crear | Villager (Male) |
| 23:33 | Crear | Villager (Male) |
| 23:33 | Crear | Villager (Male) |
| 23:33 | Crear | Villager (Male) |
| 23:34 | Crear | Villager (Male) |
| 23:34 | Crear | Villager (Male) |
| 23:34 | Crear | Villager (Male) |
| 23:35 | Crear | Villager (Male) |
| 23:35 | Crear | Villager (Male) |
| 23:35 | Crear | Villager (Male) |
| 23:36 | Crear | Villager (Male) |
| 23:36 | Crear | Villager (Male) |
| 23:36 | Crear | Villager (Male) |
| 23:36 | Crear | Villager (Male) |
| 24:26 | Crear | Villager (Male) |
| 24:26 | Crear | Villager (Male) |
| 24:26 | Crear | Villager (Male) |
| 24:26 | Crear | Villager (Male) |
| 24:27 | Crear | Villager (Male) |
| 24:27 | Crear | Villager (Male) |
| 24:27 | Crear | Villager (Male) |
| 24:28 | Crear | Villager (Male) |
| 24:28 | Crear | Villager (Male) |
| 24:28 | Crear | Villager (Male) |
| 24:28 | Crear | Villager (Male) |
| 24:29 | Crear | Villager (Male) |
| 24:29 | Crear | Villager (Male) |
| 24:29 | Crear | Villager (Male) |
| 24:30 | Crear | Villager (Male) |
| 24:30 | Crear | Villager (Male) |
| 24:37 | Construir | Mining Camp |
| 24:56 | Construir | Barracks |
| 25:28 | Investigar | Stone Shaft Mining |
| 25:50 | Construir | Stable |
| 26:49 | Construir | House |
| 26:53 | Construir | House |
| 27:24 | Construir | Castle |
Cronología de la partida
| 8:41 | MRAPZetor · first_building Dock |
| 11:50 | MRAPZetor · age_up feudal |
| 14:11 | 社恐 · first_building Barracks |
| 14:59 | 社恐 · age_up feudal |
| 18:23 | MRAPZetor · first_building Barracks |
| 20:15 | MRAPZetor · first_building Stable |
| 21:46 | MRAPZetor · first_building Archery Range |
| 22:22 | MRAPZetor · age_up castle |
| 22:53 | 社恐 · age_up castle |
| 25:50 | 社恐 · first_building Stable |
| 26:46 | MRAPZetor · wall_segment Stone Wall x11 |
| 26:59 | MRAPZetor · first_building Castle |
| 27:24 | 社恐 · first_building Castle |
| 28:12 | MRAPZetor · first_building Monastery |
| 29:11 | 社恐 · first_building Monastery |
| 29:14 | MRAPZetor · wall_segment Stone Wall x14 |
| 31:25 | 社恐 · first_building Dock |
| 31:51 | 社恐 · first_market_sell 100 stone |
| 31:51 | MRAPZetor · wall_segment Stone Wall x13 |
| 32:53 | MRAPZetor · first_building Siege Workshop |
| 33:23 | MRAPZetor · wall_segment Stone Wall x20 |
| 33:39 | MRAPZetor · wall_segment Stone Wall x17 |
| 35:45 | 社恐 · age_up imperial |
| 39:57 | MRAPZetor · wall_segment Stone Wall x12 |
| 42:19 | MRAPZetor · first_market_buy 100 stone |
| 43:28 | MRAPZetor · wall_segment Stone Wall x8 |
| 43:36 | MRAPZetor · age_up imperial |
| 44:57 | MRAPZetor · wall_segment Stone Wall x7 |
| 45:56 | MRAPZetor · wall_segment Stone Wall x1 |
| 46:05 | MRAPZetor · wall_segment Stone Wall x1 |
| 46:24 | MRAPZetor · wall_segment Stone Wall x3 |
| 47:49 | MRAPZetor · wall_segment Stone Wall x4 |
| 47:59 | MRAPZetor · wall_segment Stone Wall x6 |
| 49:46 | MRAPZetor · wall_segment Stone Wall x3 |
| 54:05 | 社恐 · resign |
[ ANÁLISIS IA · 1 CRÉDITO ]
¿Qué pasó realmente en esta partida?
Wolo.gg analiza cada decisión: build order, eco, micro, errores típicos por bracket. Análisis personalizado por WhatsApp o Discord en 30 segundos.
Guía civ
Magiares
Perfil
Jugador #6767491